 Dungeon Crawl Stone Soup version 0.23-a0-619-g281719c6f9 (webtiles) character file.

740 Manul the Sneak (level 7, -5/52 HPs)
             Began as a Demonspawn Assassin on Dec 23, 2018.
             Was an Initiate of Gozag.
             Killed from afar by a white imp (18 damage)
             ... with a puff of frost
             ... summoned by Eustachio
             ... on level 6 of the Dungeon.
             The game lasted 00:06:31 (6651 turns).

Manul the Sneak (Demonspawn Assassin)               Turns: 6651, Time: 00:06:31

Health: -5/52      AC:  8    Str: 12    XL:     7   Next: 46%
Magic:  7/7        EV: 11    Int: 12    God:    Gozag
Gold:   246        SH:  6    Dex: 16    Spells: 6/6 levels left

rFire    + . .     SeeInvis .   r - +2 whip (venom)
rCold    x . .     Gourm    .   (no shield)
rNeg     . . .     Faith    .   h - +0 ring mail
rPois    .         Spirit   .   (no helmet)
rElec    .         Reflect  .   d - +0 cloak
rCorr    .         Harm     +   i - +0 pair of gloves
MR       .....                  (no boots)
Stlth    ++++......             c - amulet of harm
HPRegen  0.17/turn              l - ring of fire
MPRegen  0.10/turn              (no ring)

@: no status effects
A: hooves 1, large bone plates 2, nightstalker 1
a: Potion Petition, Call Merchant, Bribe Branch, Renounce Religion


You were on level 6 of the Dungeon.
You worshipped Gozag.
Gozag was aware of your devotion.
You were not hungry.

You visited 2 branches of the dungeon, and saw 7 of its levels.

You collected 311 gold pieces.
You paid 65 gold pieces to Gozag.

Inventory:

Hand Weapons
 a - a +2 dagger
 b - a +0 blowgun
 r - a +2 whip of venom (weapon)
Missiles
 e - 41 poisoned needles
 f - 2 curare-tipped needles
Armour
 d - a +0 cloak (worn)
 h - a +0 ring mail (worn)
 i - a +0 pair of gloves (worn)
Jewellery
 c - an amulet of harm (around neck)
 l - a ring of fire (left hand)
Scrolls
 m - 6 scrolls of identify
 o - 4 scrolls of remove curse
 p - a scroll of immolation
 s - 2 scrolls of fear {unknown}
 t - 2 scrolls of random uselessness {unknown}
 u - 2 scrolls of enchant weapon {unknown}
 v - 2 scrolls of fog {unknown}
Potions
 j - a potion of degeneration {unknown}
 k - a potion of brilliance
 n - 2 potions of curing
 q - a potion of heal wounds {unknown}
 x - a potion of might {unknown}
Comestibles
 g - 9 rations


   Skills:
 + Level 3.3 Fighting
 + Level 2.3 Short Blades
 - Level 0.6 Maces & Flails
 - Level 1.8 Throwing
 + Level 3.2 Armour
 + Level 2.2 Dodging
 * Level 7.0 Stealth


You had 6 spell levels left.
You didn't know any spells.
Your spell library contained the following spells:

 Spells                   Type           Power        Failure   Level  Hunger
 Animate Skeleton         Necr           N/A          56%         1    ##.....
 Confusing Touch          Hex            #.....       56%         1    ##.....
 Pain                     Necr           #...         56%         1    ##.....
 Confuse                  Hex            #.......     91%         3    ####...
 Gell's Gravitas          Tloc           #.........   91%         3    ####...
 Regeneration             Chrm/Necr      #.........   91%         3    ####...
 Vampiric Draining        Necr           #.........   91%         3    ####...
 Animate Dead             Necr           N/A          100%        4    #####..
 Petrify                  Tmut/Erth      #.......     100%        4    #####..
 Metabolic Englaciation   Hex/Ice        #.........   100%        5    ######.
 Yara's Violent Unravell  Hex/Tmut       #.........   100%        5    ######.


Dungeon Overview and Level Annotations

Branches:
Dungeon (6/15)             Temple (1/1) D:4

Altars:
Ashenzari
Cheibriados
Dithmenos
Fedhas
Gozag
Hepliaklqana
Kikubaaqudgha
Trog
Vehumet
Yredelemnul
Zin

Annotations:
D:6 Eustachio


Innate Abilities, Weirdness & Mutations

You have large cloven feet.
You are mostly covered in large bone plates. (SH +6)
You are slightly more attuned to the shadows.


Message History

The river rat bites you but does no damage.
The white imp hits you but does no damage.
Eustachio gestures wildly while chanting.
The river rat closely misses you.
You closely miss the river rat.
You kick the river rat, but do no damage.
The river rat is severely wounded.
The white imp hits you but does no damage.
The river rat barely misses you.
You hit the white imp.
The white imp is severely wounded.
You kill the river rat!
The river rat's corpse disappears in a puff of smoke!
The white imp gestures at you. The puff of frost hits you!
You feel a terrible chill!
* * * LOW HITPOINT WARNING * * *
The white imp gestures at you. The puff of frost hits you!
You feel a terrible chill!
You die...
Your body crumbles into a pile of gold.

................(..........,#....
+##.......##....##...##...#*#....
.##.......##....##...##...#*#....
<#.............@.#.....,..,,.....
.#...............'.....,,,,,,,,,,
.#...............#,,...,,,,,,,,,,
.##.......##...r5#,,,**,,,**,,,,,
.##.......##...5ยง#**********,,>,*
..........######@# *,,,,**,,,,*
.##........# ### *,,,,*,,,,,,
##.........# *,,,,+,,,,,,
#........## *,,,,*,,,,,,
########## **,,,,,,,,,*
*********** * * *


You could see Eustachio, 2 white imps and a quokka.

Vanquished Creatures
  An ogre (D:5)
  2 scorpions
  A crimson imp (D:5)
  2 jellies (D:5)
  3 iguanas
  2 orc wizards (D:5)
  4 worker ants
  A hound zombie (D:5)
  A worker ant zombie (D:5)
  A howler monkey skeleton (D:5)
  8 adders
  An ooze (D:2)
  An adder zombie (D:5)
  2 worms (D:2)
  2 dart slugs
  5 leopard geckos
  13 orcs
  8 bats
  5 giant cockroaches
  12 goblins
  11 hobgoblins
  8 jackals
  6 kobolds
  3 quokkas
  8 frilled lizards
  2 leopard gecko skeletons (D:4)
  8 rats
121 creatures vanquished.

Notes
Turn   | Place    | Note
-------+----------+-------------------------------------------
     0 | D:1      | Manul the Demonspawn Assassin began the quest for the Orb.
     0 | D:1      | Reached XP level 1. HP: 16/16 MP: 1/1
   235 | D:1      | Gained mutation: You are partially covered in large bone
                  | plates. (SH +4) [demonic ancestry]
   235 | D:1      | Reached XP level 2. HP: 20/22 MP: 2/2
   268 | D:1      | Reached skill level 4 in Stealth
   870 | D:1      | Reached XP level 3. HP: 27/27 MP: 3/3
  1095 | D:2      | Reached skill level 1 in Dodging
  1141 | D:2      | Gained mutation: You have large cloven feet. [demonic
                  | ancestry]
  1141 | D:2      | Reached XP level 4. HP: 16/34 MP: 4/4
  2070 | D:2      | Reached skill level 5 in Stealth
  2536 | D:3      | Gained mutation: You are slightly more attuned to the
                  | shadows. [demonic ancestry]
  2536 | D:3      | Reached XP level 5. HP: 24/39 MP: 5/5
  2908 | D:3      | Reached skill level 1 in Armour
  3069 | D:3      | Found a glowing silver altar of Zin.
  3590 | D:4      | Found a bloodstained altar of Trog.
  3816 | D:4      | Reached XP level 6. HP: 34/46 MP: 6/6
  3850 | D:4      | Found a staircase to the Ecumenical Temple.
  4340 | D:5      | Entered Level 5 of the Dungeon
  4512 | D:5      | Reached skill level 6 in Stealth
  5031 | D:5      | Gained mutation: You are mostly covered in large bone
                  | plates. (SH +6) [demonic ancestry]
  5031 | D:5      | Reached XP level 7. HP: 44/52 MP: 7/7
  5404 | Temple   | Entered the Ecumenical Temple
  5463 | Temple   | Became a worshipper of Gozag Ym Sagoz the Greedy
  6071 | D:6      | Found an ancient bone altar of Kikubaaqudgha.
  6095 | D:6      | Reached skill level 7 in Stealth
  6188 | D:6      | Noticed Eustachio
  6651 | D:6      | Killed from afar by a white imp

Vault maps used:
D:1:      dpeg_arrival_lava_altar, st_stairs_14
D:3:      nicolae_overflow_hidden_temple, zin_academy
D:4:      minmay_temple_entry_from_below_a, first_ration, trog_butcher_becter
D:6:      nicolae_overflow_crystal_walls, bloody_makhleb, minmay_misc_feat_room,
          uniq_eustachio
Temple:   nicolae_temple_god_jail

Skill      XL: |  1  2  3  4  5  6  7 |
---------------+----------------------+-----
Short Blades   | 2 |  2.3
Stealth        | 4 5 6 7 |  7.0
Dodging        | 1 2 |  2.2
Armour         | 1 2 3 |  3.2
Fighting       | 3 |  3.3
Maces & Flails | |  0.6
Throwing       | |  1.8

Action                   |  1- 3 |  4- 6 |  7- 9 || total
-------------------------+-------+-------+-------++-------
Melee: Dagger            |   102 |    53 |       ||   155
       Whip              |       |   173 |    76 ||   249
       Kick              |       |    60 |    23 ||    83
  Use: Potion            |     5 |     1 |       ||     6
       Scroll            |       |     1 |     3 ||     4
 Stab: Sleeping          |     7 |    18 |     7 ||    32
  Eat: Chunk             |     1 |    12 |     2 ||    15
       Ration            |       |       |     1 ||     1
Armor: Ring mail         |    29 |    53 |    24 ||   106
       Skin              |    10 |     7 |       ||    17
Dodge: Dodged            |    44 |    93 |    32 ||   169
Block: Other             |     9 |    35 |    15 ||    59

Table legend:
 A = Non-vault XP
 B = Vault XP
 C = Vault XP percentage of total XP
 D = Non-vault monster count
 E = Vault monster count
 F = Vault count percentage of total count
                 A         B        C        D         E       F
            +---------+---------+-------+---------+---------+-------
      Total |    1050 |       8 |   0.8 |     116 |       5 |   4.1
            +---------+---------+-------+---------+---------+-------
        D:1 |      39 |       2 |   4.9 |      22 |       1 |   4.3
        D:2 |     109 |       0 |   0.0 |      30 |       0 |   0.0
        D:3 |      89 |       0 |   0.0 |      23 |       0 |   0.0
        D:4 |     214 |       6 |   2.7 |      15 |       4 |  21.1
        D:5 |     585 |       0 |   0.0 |      25 |       0 |   0.0
        D:6 |      14 |       0 |   0.0 |       1 |       0 |   0.0
            +---------+---------+-------+---------+---------+-------
